 Dungeon Crawl Stone Soup version 0.27-a0-909-g0721f309d1 (webtiles) character file.

Game seed: 12210851159722511132

770 robertstho the Chiller (level 7, -1/52 HPs)
             Began as a Demigod Ice Elementalist on Apr 8, 2021.
             Slain by a kobold
             ... wielding a +0 dagger
              (3 damage)
             ... on level 7 of the Dungeon.
             The game lasted 00:06:33 (4860 turns).

robertstho the Chiller (Demigod Ice Elementalist)   Turns: 4860, Time: 00:06:35

Health: -1/52      AC:  5    Str:  9    XL:     7   Next: 27%
Magic:  17/17      EV: 12    Int: 25    God:
Gold:   153        SH:  0    Dex: 14    Spells: 8/15 levels left

rFire    . . .     SeeInvis .   p - +2 dagger (venom)
rCold    . . .     Faith    .   (no shield)
rNeg     . . .     Spirit   .   a - +0 robe
rPois    .         Reflect  .   (no helmet)
rElec    .         Harm     .   q - +2 cloak
rCorr    .         Rampage  .   (no gloves)
Will     .....                  (no boots)
Stlth    ++........             (no amulet)
HPRegen  0.17/turn              (no ring)
MPRegen  0.15/turn              (no ring)

@: lethally poisoned (-1 -> -6), slowed, very slow
A: high mp 1, forlorn
a: no special abilities


You were on level 7 of the Dungeon.
You visited 1 branch of the dungeon, and saw 5 of its levels.

You collected 153 gold pieces.

Inventory:

Hand Weapons
 p - a +2 dagger of venom (weapon)
 u - a +1 flail of protection
Armour
 a - a +0 robe (worn)
 q - a +2 cloak (worn)
Wands
 b - a wand of paralysis (8)
 r - a wand of digging (6)
Scrolls
 d - a scroll of blinking {unknown}
 e - a scroll of enchant armour {unknown}
 g - a scroll of fear {unknown}
 i - a scroll of acquirement {unknown}
 m - a scroll of amnesia {unknown}
 n - 2 scrolls of identify {unknown}
 s - a scroll of teleportation {unknown}
 t - a scroll of noise {unknown}
Potions
 j - a potion of curing {unknown}
 k - a potion of invisibility {unknown}
 l - a potion of haste {unknown}
 o - a potion of lignification {unknown}


   Skills:
 + Level 1.1 Fighting
 + Level 1.9 Short Blades
 + Level 2.6 Dodging
 + Level 2.6 Stealth
 * Level 4.8 Spellcasting
 * Level 5.7 Ice Magic


You had 8 spell levels left.
You knew the following spells:

 Your Spells              Type           Power      Damage    Failure   Level
a - Freeze                Ice            100%       1d11      1%          1
b - Frozen Ramparts       Ice            68%        1d8       2%          3
c - Ozocubu's Armour      Ice            34%        N/A       2%          3

Your spell library contained the following spells:

 Spells                   Type           Power      Damage    Failure   Level
 Animate Skeleton         Necr           12%        N/A       9%          1
 Apportation              Tloc           12%        N/A       9%          1
 Corona                   Hex            6%         N/A       9%          1
 Sandblast                Erth           12%        2d6       9%          1
 Summon Small Mammal      Summ           24%        N/A       9%          1
 Passwall                 Tmut/Erth      5%         N/A       13%         2
 Stone Arrow              Conj/Erth      12%        3d7       26%         3
 Hailstorm                Conj/Ice       20%        3d6       26%         4
 Summon Ice Beast         Ice/Summ       20%        N/A       26%         4
 Petrify                  Tmut/Erth      6%         N/A       63%         4
 Lee's Rapid Deconstruct  Erth           3%         3d6*      93%         5


Dungeon Overview and Level Annotations

Branches:
Dungeon (4/15)
 Temple: D:4-7


Innate Abilities, Weirdness & Mutations

Your attributes grow dramatically as you level up.
You have an increased reservoir of magic. (+10% MP)
You shall have no god before yourself.


Message History

Confirm with . or Enter, or press ? or * to list all spells.
Aiming: Freeze (safe; 1% risk of failure)
Press: ? - help, Shift-Dir - straight line, f/p - kobold brigand
Aim: a kobold brigand, wielding a +0 club and quivering curare-tipped darts (almost dead)
You freeze the kobold brigand!
You kill the kobold brigand!
* * * LOW HITPOINT WARNING * * *
You feel very sick.
The centaur zombie completely resists.
The wall freezes the centaur zombie but does no damage.
The kobold hits you with a +0 dagger.
* * * LOW HITPOINT WARNING * * *
The wall freezes the water moccasin.
The kobold hits you with a +0 short sword of holy wrath.
* * * LOW HITPOINT WARNING * * *
The centaur zombie resists.
The wall freezes the centaur zombie.
The centaur zombie completely misses you.
The centaur zombie misses you.
A troll comes into view.
The wall freezes the kobold.
The kobold hits you but does no damage.
The wall freezes the water moccasin.
The water moccasin seems to slow down.
The kobold hits you but does no damage.
It was a potion of magic.
Magic courses through your body.
* * * LOW HITPOINT WARNING * * *
You feel very sick.
The troll shouts!
The centaur skeleton resists.
The wall freezes the centaur skeleton.
The wall freezes the kobold.
You kill the kobold!
The kobold misses you. The kobold barely misses you.
The centaur skeleton resists.
The wall freezes the centaur skeleton.
The wall freezes the water moccasin!
The water moccasin closely misses you.
As you read the scroll labelled EMOLUAPPIV, it crumbles to dust.
The creatures around you are filled with an inner flame!
It was a scroll of immolation.
The frozen ramparts melt away.
* * * LOW HITPOINT WARNING * * *
You feel very sick. The kobold hits you but does no damage.
The kobold closely misses you. The kobold hits you with a +0 dagger.
You die...

###### #....+
#(...# #....# .
. #....# ...
....##)###.....
#.....@SKT....
#.....KKZ.....
#.....Z....###
#..........#
#..........#
#..........#
#.........?#
.........###


You could see a troll (inner flame), a water moccasin (inner flame, slow), a
centaur zombie (inner flame), 3 kobolds and a centaur skeleton (inner flame).

Vanquished Creatures
  A black bear (D:4)
  An ogre (D:4)
  A kobold brigand (D:7)
  A scorpion (D:7)
  Crazy Yiuf (D:2)
  An orc priest (D:4)
  4 hounds
  Jessica (D:2)
  Terence (D:2)
  An iguana (D:7)
  2 orc wizards
  2 hound skeletons (D:4)
  3 adders
  An ufetubus (D:7)
  A dart slug (D:4)
  6 orcs
  2 ball pythons
  8 bats
  9 endoplasms
  4 giant cockroaches
  9 goblins
  5 hobgoblins
  14 jackals
  11 kobolds
  3 quokkas
  12 frilled lizards
  5 rats
110 creatures vanquished.

Vanquished Creatures (others)
  8 plants
8 creatures vanquished.

Grand Total: 118 creatures vanquished

Notes
Turn   | Place    | Note
-------+----------+-------------------------------------------
     0 | D:1      | robertstho the Demigod Ice Elementalist began the quest for
                  | the Orb.
     0 | D:1      | Reached XP level 1. HP: 14/14 MP: 5/5
   133 | D:1      | Reached skill level 4 in Ice Magic
   144 | D:1      | Reached XP level 2. HP: 18/20 MP: 0/7
   895 | D:1      | Reached XP level 3. HP: 26/26 MP: 9/9
  1671 | D:2      | Found a runed translucent door.
  1672 | D:2      | Noticed Crazy Yiuf
  2267 | D:2      | Noticed Terence
  2273 | D:2      | Killed Terence
  2274 | D:2      | Reached XP level 4. HP: 20/34 MP: 6/10
  2317 | D:2      | Learned a level 3 spell: Frozen Ramparts
  2321 | D:2      | Learned a level 3 spell: Ozocubu's Armour
  2425 | D:2      | Noticed Jessica
  2433 | D:2      | Killed Jessica
  2505 | D:2      | Killed Crazy Yiuf
  3419 | D:3      | Reached XP level 5. HP: 39/39 MP: 12/12
  3919 | D:4      | Reached skill level 5 in Ice Magic
  4105 | D:4      | Reached XP level 6. HP: 33/46 MP: 5/14
  4247 | D:4      | Reached skill level 1 in Short Blades
  4619 | D:4      | Reached skill level 1 in Fighting
  4834 | D:4      | You fall into a shaft and drop 3 floors!
  4842 | D:7      | Reached XP level 7. HP: 51/52 MP: 7/16
  4858 | D:7      | Noticed a troll
  4860 | D:7      | HP: 2/52 [poisoned by kobold brigand (curare-tipped dart)]
  4860 | D:7      | Slain by a kobold

Illustrated notes

Levels and vault maps discovered:
D:1:      psy_arrival_spokes, layout_basic, minmay_split_cup_large
D:2:      layout_basic, uniq_crazy_yiuf_cottage, uniq_jessica, uniq_terence
D:3:      layout_loops_corners, shapermc_ecumenical_altar_mp_vishouse,
          minmay_misc_feat_pillars, minmay_lizard_king
D:4:      layout_gridville, good_gods_mini_temple, overflow_temple_1_default,
          nicolae_sif_muna_condensation, kennysheep_mini, serial_park_tiny_2,
          grunt_ministairs_9
D:7:      layout_basic, eat_drink_and_be_merry_uskayaw, serial_shops,
          nicolae_shop_statue_plus, shop

Skill      XL: |  1  2  3  4  5  6 |
---------------+-------------------+-----
Ice Magic      | 4 5 |  5.7
Spellcasting   | 2 3 4 |  4.8
Stealth        | 2 |  2.6
Dodging        | 2 |  2.6
Short Blades   | 1 |  1.9
Fighting       | 1 |  1.1

Action                   |  1- 3 |  4- 6 |  7- 9 || total
-------------------------+-------+-------+-------++-------
Melee: Dagger            |    53 |   127 |       ||   180
       Unarmed           |     1 |       |       ||     1
       Flail             |       |     8 |       ||     8
 Cast: Freeze            |    46 |    30 |     5 ||    81
       Frozen Ramparts   |       |     7 |     1 ||     8
       Ozocubu's Armour  |       |     2 |       ||     2
  Use: Potion            |       |       |     2 ||     2
       Scroll            |       |       |     1 ||     1
 Stab: Sleeping          |     6 |     4 |       ||    10
Armor: Robe              |    26 |    45 |     6 ||    77
Dodge: Dodged            |    57 |   131 |    10 ||   198

Table legend: (Time is in decaauts)
 A = Elapsed time spent in this place.
 B = Non-inter-level travel time spent in this place.
 C = Inter-level travel time spent in this place.
 D = Time resting spent in this place.
 E = Time spent auto-exploring this place.
 F = Levels seen in this place.
 G = Mean time per level.
                   A        B        C        D        E       F      G
               +--------+--------+--------+--------+--------+-----+--------+
         Total |   4861 |   4795 |     66 |     74 |   4123 |   5 |  972.2 |
       Dungeon |   4861 |   4795 |     66 |     74 |   4123 |   5 |  972.2 |
               +--------+--------+--------+--------+--------+-----+--------+

Top non-repeatable levels by time:
     D:1: 1399 daAuts
     D:2: 1263 daAuts
     D:3: 1173 daAuts
     D:4: 996 daAuts
     D:7: 29 daAuts
